 Dungeon Crawl Stone Soup version 0.23.2-1-ga50397a (webtiles) character file.

Game seed: 13410104831162096954

78 Heatsaber the Chopper (level 4, -3/41 HPs)
             Began as a Hill Orc Monk on May 28, 2019.
             Slain by a sky beast (6 damage)
             ... on level 2 of the Dungeon.
             The game lasted 00:06:10 (1338 turns).

Heatsaber the Chopper (Hill Orc Monk)               Turns: 1338, Time: 00:06:11

Health: -3/41      AC:  8    Str: 13    XL:     4   Next: 36%
Magic:  4/4        EV:  6    Int: 11    God:
Gold:   128        SH:  0    Dex: 13    Spells: 3/3 levels left

rFire    . . .     SeeInvis .   a - +0 hand axe
rCold    . . .     Gourm    .   (no shield)
rNeg     . . .     Faith    .   s - +0 chain mail
rPois    .         Spirit   .   (no helmet)
rElec    .         Reflect  .   (no cloak)
rCorr    .         Harm     .   (no gloves)
MR       .....                  (no boots)
Stlth    ..........             (no amulet)
HPRegen  0.13/turn              (no ring)
MPRegen  0.09/turn              (no ring)

@: no status effects
A: no striking features
a: no special abilities


You were on level 2 of the Dungeon.
You were hungry.

You visited 1 branch of the dungeon, and saw 2 of its levels.

You collected 128 gold pieces.

Inventory:

Hand Weapons
 a - a +0 hand axe (weapon)
Missiles
 d - 3 needles of confusion
 f - 17 poisoned needles
Armour
 b - a +0 robe
 k - a +0 leather armour
 n - a +0 ring mail
 s - a +0 chain mail (worn)
Jewellery
 m - an uncursed amulet of guardian spirit {unknown}
Scrolls
 e - 5 scrolls of identify {unknown}
 h - a scroll of immolation {unknown}
 j - a scroll of amnesia {unknown}
 l - a scroll of random uselessness {unknown}
 p - a scroll of teleportation {unknown}
 q - a scroll of enchant weapon {unknown}
Potions
 g - a potion of might {unknown}
 i - a potion of curing {unknown}
 o - a potion of heal wounds {unknown}
Comestibles
 c - 5 rations
 r - 15 chunks of flesh


   Skills:
 + Level 4.9 Fighting
 + Level 5.4 Axes
 + Level 0.7 Armour
 - Level 2.4 Dodging
 - Level 1.5 Stealth


You had 3 spell levels left.
You didn't know any spells.
Your spell library was empty.

Dungeon Overview and Level Annotations

Branches:
Dungeon (2/15)

Altars:


Message History

The sky beast barely misses you.
You hit the sky beast.
The sky beast is moderately wounded.
The sky beast hits you. The sky beast shocks you.
* * * LOW HITPOINT WARNING * * *
You hit the sky beast but do no damage.
The sky beast is moderately wounded.
The sky beast completely misses you.
You closely miss the sky beast.
The sky beast is moderately wounded.
The sky beast hits you.
* * * LOW HITPOINT WARNING * * *
The sky beast shocks you.
* * * LOW HITPOINT WARNING * * *
You closely miss the sky beast.
The sky beast is moderately wounded.
The sky beast hits you.
* * * LOW HITPOINT WARNING * * *
The sky beast shocks you.
You die...

...#.÷.#.###.##$##.#
##.(#.##.#..##..# ..$
##..##.(#..#.÷##...#.
#...#.#.#.###†# ...##
##...#.#.##.#))# .#.#
###......#.#.!)##.....#
....#....##.#.#.###..##
#$.........###... ..#
#.....@Y........... #
#.........#.#####.#.#
#........##.# ...#
#........# .# #.#
#..?.....# .. .#
#........# ##
#........# ##########


You could see a sky beast.

Vanquished Creatures
  Robin (D:2)
  An adder (D:2)
  A gnoll (D:1)
  2 leopard geckos (D:1)
  A giant cockroach (D:1)
  8 goblins
  10 hobgoblins
  8 jackals
  2 kobolds (D:1)
  3 bats
  A frilled lizard (D:2)
  2 rats
40 creatures vanquished.

Notes
Turn   | Place    | Note
-------+----------+-------------------------------------------
     0 | D:1      | Heatsaber the Hill Orc Monk began the quest for the Orb.
     0 | D:1      | Reached XP level 1. HP: 19/19 MP: 1/1
    88 | D:1      | Reached XP level 2. HP: 24/27 MP: 2/2
   409 | D:1      | Reached XP level 3. HP: 28/34 MP: 3/3
   906 | D:2      | Reached skill level 5 in Axes
   992 | D:2      | Noticed a phantom
  1256 | D:2      | Noticed Robin
  1276 | D:2      | Reached XP level 4. HP: 26/41 MP: 4/4
  1285 | D:2      | Killed Robin
  1314 | D:2      | Noticed a sky beast
  1338 | D:2      | Slain by a sky beast

Skill      XL: |  1  2  3 |
---------------+----------+-----
Fighting       | 4 |  4.9
Axes           | 5 |  5.4
Armour         | |  0.7
Dodging        | |  2.4
Stealth        | |  1.5

Action                   |  1- 3 |  4- 6 || total
-------------------------+-------+-------++-------
Melee: Hand axe          |   117 |    37 ||   154
 Stab: Sleeping          |     1 |       ||     1
  Eat: Chunk             |     1 |       ||     1
Armor: Robe              |    10 |       ||    10
       Chain mail        |    12 |    33 ||    45
       Leather armour    |    11 |       ||    11
Dodge: Dodged            |    92 |    18 ||   110
